[Event "Titled Tuesday Blitz August 22 Late 2023"]
[White "cthake"]
[Black "Cooper, Aaron"]
[BlackFideId "2634945"]
[WhiteElo "1855"]
[BlackElo "2258"]
[Result "0-1"]
[Round "9"]
[TimeControl "180+1"]
[Date "2023.08.22"]
[WhiteClock "0:00:00"]
[BlackClock "0:00:20"]
[Board "128"]

1. e4 d5 2. exd5 Qxd5 3. Nc3 Qd6 4. d4 Nf6 5. Nf3 c6 6. Bc4 Bg4 7. Be3 e6 8. O-O Nbd7 9. Qe2 Qc7 10. Rfd1 Bd6 11. h3 Bh5 12. a4 O-O 13. Bg5 Rfe8 14. Ne4 Nxe4 15. Qxe4 Bg6 16. Qe2 e5 17. Qd2 exd4 18. Nxd4 Ne5 19. Bb3 Be7 20. Bxe7 Qxe7 21. c3 Rad8 22. Re1 Qf6 23. Bc2 c5 24. Bxg6 hxg6 25. f4 cxd4 26. fxe5 Qb6 27. Qf2 dxc3 28. Qxb6 axb6 29. bxc3 Rd2 30. Rab1 Re6 31. Re3 Ra2 32. Rb4 Kf8 33. Kh2 Ke7 34. Kg3 Rc6 35. c4 Rc2 36. Re4 Ke6 37. Kf4 Rxg2 38. Rd4 Rf2+ 39. Ke4 Rh2 40. Rd3 Rc2 41. Rd4 Re2+ 42. Kf4 Rxe5 43. Rd8 Rf5+ 44. Ke4 Rfc5 45. Re8+ Kf6 46. Rb8 Rxc4+ 47. Rxc4 Rxc4+ 48. Kd5 Rxa4 49. Rxb7 Rb4 50. Kc6 Ke6 51. Ra7 Rb3 52. Rb7 g5 53. Kc7 f5 54. Kd8 Kf6 55. Ke8 f4 56. Rf7+ Kg6 0-1


[Site "https://www.chess.com"]

[Event "Titled Tuesday Blitz August 22 Late 2023"]
[White "Saucey, Michel"]
[Black "Mr_November18"]
[WhiteFideId "601845"]
[WhiteElo "2259"]
[BlackElo "1976"]
[Result "1-0"]
[Round "9"]
[TimeControl "180+1"]
[Date "2023.08.22"]
[WhiteClock "0:00:06"]
[BlackClock "0:00:00"]
[Board "129"]

1. d4 Nf6 2. Nf3 g6 3. c4 Bg7 4. g3 d6 5. Nc3 O-O 6. Bg2 Nc6 7. O-O a6 8. d5 Na5 9. b3 Nxd5 10. Nxd5 Bxa1 11. Bd2 Nxb3 12. axb3 Bg7 13. Qc1 c6 14. Nc3 e5 15. Bh6 Be6 16. Bxg7 Kxg7 17. Rd1 Qc7 18. Ne4 Rad8 19. Nfg5 h6 20. Nxe6+ fxe6 21. c5 d5 22. Nd6 b6 23. b4 a5 24. Qe3 axb4 25. Qxe5+ Kh7 26. Nc4 Qxe5 27. Nxe5 bxc5 28. e4 dxe4 29. Rc1 Rd5 30. Nxc6 Rd2 31. Bxe4 b3 32. Rxc5 Rfxf2 33. Ne5 b2 34. Rc7+ Kg8 35. Rc8+ Kg7 36. Rc7+ Kf6 37. Ng4+ Kg5 38. Nxf2 Re2 39. Rb7 h5 40. Kf1 Rd2 41. Rb5+ Kh6 42. h4 Kg7 43. Kg2 Kf6 44. Kf3 e5 45. Ke3 Rd6 46. Rxb2 Ra6 47. Rd2 Ra3+ 48. Rd3 Ra1 49. Nh3 Rh1 50. Ng5 1-0


[Site "https://www.chess.com"]

[Event "Titled Tuesday Blitz August 22 Late 2023"]
[White "Capp, Stephen"]
[Black "laskakid"]
[WhiteFideId "2027089"]
[WhiteElo "2174"]
[BlackElo "2126"]
[Result "0-1"]
[Round "9"]
[TimeControl "180+1"]
[Date "2023.08.22"]
[WhiteClock "0:00:10"]
[BlackClock "0:00:06"]
[Board "130"]

1. e4 e5 2. Nf3 Nc6 3. d4 exd4 4. Bc4 Nf6 5. O-O Nxe4 6. Re1 d5 7. Nc3 dxc3 8. Bxd5 Be6 9. Bxe4 Qxd1 10. Rxd1 cxb2 11. Bxc6+ bxc6 12. Bxb2 f6 13. Nd4 Bd5 14. c4 Bxc4 15. Nxc6 Bd6 16. Re1+ Kd7 17. Na5 Bf7 18. Nb7 Bb4 19. Re4 a5 20. a3 Bf8 21. Rc1 Rb8 22. Rd4+ Kc8 23. Nd8 Ba2 24. Nc6 Rb6 25. Rd8+ Kb7 26. Rb8+ Ka6 27. Ra8+ Kb7 28. Rb8+ Ka6 29. Rxb6+ Kxb6 30. Nd4 Bc5 31. Nf5 g6 32. Ne3 Rf8 33. Bc3 a4 34. Ra1 Bb3 35. g3 f5 36. Nd1 Re8 37. Nb2 Re2 38. Kg2 Rxf2+ 39. Kh3 f4 40. Nd3 Be6+ 41. g4 Rf3+ 42. Kh4 Rxd3 43. Rb1+ Kc6 44. Be5 Be7+ 45. g5 Rh3# 0-1


[Site "https://www.chess.com"]

[Event "Titled Tuesday Blitz August 22 Late 2023"]
[White "dorpato"]
[Black "OptimusPrimeBR"]
[WhiteElo "2019"]
[BlackElo "2033"]
[Result "0-1"]
[Round "9"]
[TimeControl "180+1"]
[Date "2023.08.22"]
[WhiteClock "0:00:00"]
[BlackClock "0:00:08"]
[Board "131"]

1. e4 c5 2. Nc3 d6 3. g3 Nc6 4. Bg2 Nf6 5. d3 e5 6. h3 Be6 7. Be3 Be7 8. f4 O-O 9. Nf3 exf4 10. Bxf4 Nd4 11. O-O Rc8 12. Ne2 Nxf3+ 13. Rxf3 Nd7 14. g4 Ne5 15. Rf1 Bf6 16. Rb1 b5 17. Ng3 a5 18. Nf5 Bxf5 19. exf5 Re8 20. Qd2 h6 21. Qf2 Bh4 22. Bg3 Bf6 23. h4 Nxg4 24. Qf4 Bd4+ 25. Kh1 h5 26. Qxd6 Qf6 27. Qxf6 Bxf6 28. Bf3 Ne3 29. Rf2 Nxf5 30. Kh2 g6 31. Kh3 Re3 32. Rg1 Rce8 33. Be4 Nxg3 34. Rxg3 Rxg3+ 35. Kxg3 Bd4 36. Rg2 f5 37. Bf3 Bxb2 38. Kh3 Kf7 39. Bd5+ Kf6 40. Bc6 Rb8 41. c4 bxc4 42. dxc4 Bd4 43. Bd5 Rb2 44. Rxb2 Bxb2 45. a4 Bd4 46. Kg3 Ke5 47. Bf7 Kf6 48. Bd5 Bc3 49. Bc6 Be1+ 50. Kh3 Bxh4 51. Kxh4 g5+ 52. Kxh5 g4 53. Kh4 Ke5 54. Bd7 Kf4 55. Be6 Ke4 56. Kg3 Kd4 57. Bd5 Kc3 58. Kf4 Kb4 59. Bc6 Kxc4 60. Bd7 Kb4 61. Bb5 g3 62. Kxg3 c4 63. Kf4 c3 64. Kxf5 c2 65. Bd3 c1=Q 0-1


[Site "https://www.chess.com"]

[Event "Titled Tuesday Blitz August 22 Late 2023"]
[White "Oliveira, Tiago Batista"]
[Black "Adan Bermudez, Sergio"]
[WhiteFideId "2108291"]
[BlackFideId "2292726"]
[WhiteElo "2118"]
[BlackElo "1990"]
[Result "0-1"]
[Round "9"]
[TimeControl "180+1"]
[Date "2023.08.22"]
[WhiteClock "0:00:43"]
[BlackClock "0:00:15"]
[Board "133"]

1. d4 Nf6 2. c4 g6 3. Nc3 Bg7 4. e4 O-O 5. Nf3 d6 6. Be2 Nc6 7. Be3 Ng4 8. Bg5 h6 9. Bh4 g5 10. Bg3 e5 11. d5 Nd4 12. Nxd4 exd4 13. Nb5 h5 14. h4 a6 15. Nxd4 Qf6 16. Nf3 Qxb2 17. Rb1 Qc3+ 18. Kf1 b5 19. hxg5 bxc4 20. Rxh5 Bd7 21. Rc1 Qb2 22. Bxc4 Bb5 23. Qb3 Qxc1+ 0-1


[Site "https://www.chess.com"]

[Event "Titled Tuesday Blitz August 22 Late 2023"]
[White "Carrasco Miranda, Andres"]
[Black "Freitag, Manfred"]
[WhiteFideId "3405990"]
[BlackFideId "1602004"]
[WhiteElo "2411"]
[BlackElo "2648"]
[Result "0-1"]
[Round "9"]
[TimeControl "180+1"]
[Date "2023.08.22"]
[WhiteClock "0:01:33"]
[BlackClock "0:02:25"]
[Board "134"]

1. d4 Nf6 2. c4 g6 3. g3 Bg7 4. Bg2 O-O 5. Nf3 d6 6. O-O Nbd7 7. Nc3 e5 8. e4 c6 9. h3 Qb6 10. c5 dxc5 11. dxe5 Ne8 12. e6 fxe6 13. Ng5 Ne5 14. Na4 Qb5 15. Nc3 Qb6 16. Na4 Qb4 17. Bd2 Qd4 18. Be3 Qxd1 19. Rfxd1 h6 20. Nf3 Nxf3+ 21. Bxf3 Rxf3 0-1


[Site "https://www.chess.com"]

[Event "Titled Tuesday Blitz August 22 Late 2023"]
[White "rikchessmx"]
[Black "Milchev, Nikolay"]
[BlackFideId "2906090"]
[WhiteElo "2380"]
[BlackElo "2552"]
[Result "0-1"]
[Round "9"]
[TimeControl "180+1"]
[Date "2023.08.22"]
[WhiteClock "0:02:12"]
[BlackClock "0:01:55"]
[Board "135"]

1. e4 e5 2. Nf3 Nc6 3. Bb5 Nge7 4. O-O a6 5. Ba4 g6 6. c3 Bg7 7. d4 exd4 8. cxd4 b5 9. Bb3 O-O 10. d5 Na5 11. Bc2 c5 12. Nc3 d6 13. h3 h6 14. Bf4 Nc4 15. Qc1 g5 16. Bg3 Ng6 17. Bb3 Nce5 18. Nxe5 Nxe5 19. f4 Nd3 20. Qe3 Bd4 21. Qxd4 cxd4 22. Ne2 Bd7 23. Rad1 Nxf4 24. Bxf4 gxf4 25. Rxf4 f5 26. exf5 Rxf5 27. Rfxd4 Qe7 28. Nf4 Qe3+ 0-1


[Site "https://www.chess.com"]

[Event "Titled Tuesday Blitz August 22 Late 2023"]
[White "Nakamura, Hikaru"]
[Black "Matlakov, Maxim"]
[WhiteFideId "2016192"]
[BlackFideId "4168003"]
[WhiteElo "3247"]
[BlackElo "3031"]
[Result "1-0"]
[Round "10"]
[TimeControl "180+1"]
[Date "2023.08.22"]
[WhiteClock "0:00:19"]
[BlackClock "0:00:00"]
[Board "1"]

1. Nf3 d5 2. b3 Nf6 3. e3 e6 4. c4 Be7 5. Bb2 O-O 6. d4 c5 7. dxc5 dxc4 8. Qxd8 Rxd8 9. Bxc4 Nc6 10. O-O Ne4 11. Nc3 Nxc5 12. Rfd1 Bd7 13. Rac1 Be8 14. Kf1 a6 15. Be2 Bf6 16. Ba3 Be7 17. Rxd8 Rxd8 18. Nb1 b6 19. Ne1 a5 20. Bb5 Kf8 21. Nc2 Ne5 22. Bxe8 Kxe8 23. Nd4 Ned3 24. Rd1 Rc8 25. Ke2 Nb4 26. Bxb4 axb4 27. f3 g6 28. Rd2 Bf6 29. Nc2 Na6 30. Ne1 Rc1 31. Rd1 Rc8 32. Nd2 Bc3 33. Ne4 Ke7 34. Rc1 Rc7 35. Nxc3 bxc3 36. a3 b5 37. b4 Nb8 38. Kd3 Nd7 39. f4 Nb6 40. Rxc3 Nc4 41. Ke2 Rd7 42. Nf3 Ra7 43. Nd4 Rxa3 44. Nxb5 Ra2+ 45. Kd3 Nb6 46. Rc7+ Kf8 47. Nd6 Rxg2 48. Rxf7+ Kg8 49. Rb7 Nd5 50. b5 Rxh2 51. b6 Rb2 52. Rb8+ Kg7 53. b7 Nb4+ 54. Kc3 Rb1 55. Rg8+ Kxg8 56. b8=Q+ Kg7 57. Qc7+ Kh6 58. Nf7+ Kh5 59. Qe5+ Kg4 60. Qxe6+ Kg3 61. Ng5 1-0


[Site "https://www.chess.com"]

[Event "Titled Tuesday Blitz August 22 Late 2023"]
[White "Pakleza, Zbigniew"]
[Black "Sadhwani, Raunak"]
[WhiteFideId "1119290"]
[BlackFideId "35093487"]
[WhiteElo "2886"]
[BlackElo "3038"]
[Result "0-1"]
[Round "10"]
[TimeControl "180+1"]
[Date "2023.08.22"]
[WhiteClock "0:00:01"]
[BlackClock "0:00:09"]
[Board "2"]

1. d4 Nf6 2. Nf3 g6 3. Bf4 Bg7 4. e3 d6 5. Be2 O-O 6. h3 b6 7. O-O Bb7 8. c3 Nbd7 9. a4 a6 10. Nbd2 Re8 11. Bh2 e5 12. Qb3 Qe7 13. Rfd1 Bd5 14. Bc4 Bxc4 15. Nxc4 e4 16. Nfd2 Qe6 17. Na3 Qf5 18. Qc4 Rec8 19. Qe2 h5 20. Nc2 h4 21. Nb4 a5 22. Nc6 Re8 23. Qb5 Qe6 24. b4 Nd5 25. Rdc1 Bh6 26. Nf1 axb4 27. cxb4 N7f6 28. a5 g5 29. Rcb1 g4 30. hxg4 Qxg4 31. Qc4 Kh7 32. Rb2 Rg8 33. g3 Qh3 34. a6 Rg7 35. a7 hxg3 36. Nxg3 Nxe3 37. fxe3 Rxg3+ 38. Bxg3 Bxe3+ 39. Bf2 Rg8# 0-1


[Site "https://www.chess.com"]

[Event "Titled Tuesday Blitz August 22 Late 2023"]
[White "Sarana, Alexey"]
[Black "Paravyan, David"]
[WhiteFideId "24133795"]
[BlackFideId "4194985"]
[WhiteElo "3085"]
[BlackElo "2979"]
[Result "1-0"]
[Round "10"]
[TimeControl "180+1"]
[Date "2023.08.22"]
[WhiteClock "0:00:05"]
[BlackClock "0:00:00"]
[Board "3"]

1. d4 Nf6 2. c4 g6 3. Nc3 d5 4. Bg5 Ne4 5. Bh4 Nxc3 6. bxc3 dxc4 7. e3 Be6 8. Nf3 Bh6 9. Qb1 b6 10. Ne5 O-O 11. Be2 Bd5 12. O-O Nd7 13. Nxc4 c5 14. e4 Bxc4 15. Bxc4 cxd4 16. cxd4 Rc8 17. Qd3 Qc7 18. Ba6 Rb8 19. e5 e6 20. f4 b5 21. Bxb5 Nc5 22. Qc4 Qa5 23. a4 Ne4 24. Qd3 Nc3 25. Be1 Rfc8 26. Ra3 Rxb5 27. Bxc3 Rxc3 28. Qxc3 Rb4 29. Rb3 Bf8 30. Rxb4 Bxb4 31. Qb3 Bc3 32. Qc4 Bb2 33. g3 Qd2 34. Kh1 Bxd4 35. Qb3 h5 36. Qf3 Kg7 37. Rd1 Qb2 38. Qe4 Bb6 39. Rb1 Qf2 40. Qg2 Qe3 41. Rf1 Qd3 42. Qf3 Qc4 43. Ra1 Bd4 44. Qe4 Qc3 45. Rd1 Bb6 46. Kg2 Qb2+ 47. Kh3 Qb3 48. Re1 Qa2 49. Re2 Qa1 50. Re1 Qa2 51. Rd1 Qf2 52. Rc1 h4 53. Rb1 hxg3 54. hxg3 Qd2 55. Rh1 Qa2 56. Rf1 Qd2 57. Kg4 Qh2 58. Rh1 Qd2 59. Kh3 Qf2 60. Kh4 Qd2 61. Kg4 Qf2 62. Qf3 Qc2 63. Kh3 Qf5+ 64. g4 Qc2 65. g5 Qxa4 66. Kg4 Qc2 67. Qh3 Qf5+ 68. Kg3 Qd3+ 69. Kg4 Qf5+ 70. Kg3 Qd3+ 71. Kh4 Bf2+ 72. Kg4 Qe2+ 73. Qf3 Qc2 74. Kh3 Bc5 75. Kg3 Qd2 76. Qg2 Qe3+ 77. Kg4 Qd3 78. Qh2 Qf5+ 79. Kg3 Qd3+ 80. Kg2 Qe4+ 81. Kg3 Qd3+ 82. Kh4 Be3 83. Kg4 Qf5+ 84. Kf3 Kf8 85. Qh8+ Ke7 86. Qf6+ 1-0


[Site "https://www.chess.com"]

[Event "Titled Tuesday Blitz August 22 Late 2023"]
[White "Xiong, Jeffery"]
[Black "Andreikin, Dmitry"]
[WhiteFideId "2047640"]
[BlackFideId "4158814"]
[WhiteElo "3019"]
[BlackElo "3005"]
[Result "1-0"]
[Round "10"]
[TimeControl "180+1"]
[Date "2023.08.22"]
[WhiteClock "0:00:26"]
[BlackClock "0:00:00"]
[Board "4"]

1. e4 g6 2. d4 Bg7 3. Nc3 c6 4. Nf3 d5 5. h3 dxe4 6. Nxe4 Nf6 7. Bd3 Nxe4 8. Bxe4 Bf5 9. Bxf5 Qa5+ 10. c3 Qxf5 11. O-O O-O 12. Re1 Re8 13. a4 Nd7 14. Qb3 Rab8 15. a5 a6 16. Be3 Qb5 17. Qxb5 cxb5 18. Bg5 e6 19. Ne5 Nxe5 20. dxe5 h6 21. Be3 Rbd8 22. f4 Rd5 23. Red1 Red8 24. Rxd5 Rxd5 25. Kf2 h5 26. g3 Kf8 27. Kf3 Ke8 28. Ke4 f5+ 29. exf6 Bxf6 30. Rc1 Kd7 31. b4 Rd6 32. c4 bxc4 33. Rxc4 Rd1 34. g4 h4 35. Bb6 Re1+ 36. Kf3 Rf1+ 37. Kg2 Rb1 38. g5 Be7 39. Rc7+ Ke8 40. Rxb7 Rb2+ 41. Kf3 Rb3+ 42. Kg4 Bxb4 43. Bf2 Rb2 44. Be1 Bc3 45. Rb6 1-0


[Site "https://www.chess.com"]

[Event "Titled Tuesday Blitz August 22 Late 2023"]
[White "Kramnik, Vladimir"]
[Black "Naroditsky, Daniel"]
[WhiteFideId "4101588"]
[BlackFideId "2026961"]
[WhiteElo "2949"]
[BlackElo "3157"]
[Result "1-0"]
[Round "10"]
[TimeControl "180+1"]
[Date "2023.08.22"]
[WhiteClock "0:00:05"]
[BlackClock "0:00:01"]
[Board "5"]

1. d4 g6 2. e4 Bg7 3. Nf3 d6 4. Be2 Nf6 5. Nc3 O-O 6. O-O Nc6 7. d5 Nb8 8. h3 c6 9. a4 a5 10. Be3 e5 11. Nd2 cxd5 12. exd5 Nbd7 13. Nc4 Ne8 14. Nb5 Ra6 15. Qd2 f5 16. f4 exf4 17. Bxf4 Nc5 18. Bf3 Bd7 19. Nbxd6 Nxd6 20. Bxd6 Rxd6 21. Nxd6 Qb6 22. Nc4 Qa6 23. b3 Bxa1 24. Rxa1 Qf6 25. Re1 b6 26. d6 Be6 27. Nxb6 Rd8 28. Nd5 Qf7 29. Qxa5 Nb7 30. Ne7+ Kf8 31. Bxb7 Rxd6 32. Nc8 Rd7 33. Qc5+ Kg7 34. Qe5+ Kh6 35. Qxe6 Qg7 36. Qe3+ g5 37. Qe6+ Kh5 38. Bf3+ Kh4 39. Re4+ g4 40. Qxf5 Qa1+ 41. Kh2 h5 42. Rxg4+ hxg4 43. g3# 1-0


[Site "https://www.chess.com"]

[Event "Titled Tuesday Blitz August 22 Late 2023"]
[White "Svane, Rasmus"]
[Black "So, Wesley"]
[WhiteFideId "4657101"]
[BlackFideId "5202213"]
[WhiteElo "2986"]
[BlackElo "3090"]
[Result "0-1"]
[Round "10"]
[TimeControl "180+1"]
[Date "2023.08.22"]
[WhiteClock "0:00:00"]
[BlackClock "0:01:13"]
[Board "6"]

1. Nf3 c5 2. c4 Nf6 3. Nc3 e6 4. e3 d5 5. d4 a6 6. dxc5 Bxc5 7. a3 dxc4 8. Qxd8+ Kxd8 9. Bxc4 b5 10. Bd3 Bb7 11. b4 Bd6 12. Bb2 Ke7 13. Ke2 Nbd7 14. Rhd1 Rhc8 15. Rac1 Nb6 16. h3 Nc4 17. Bxc4 Rxc4 18. Nd2 Rc7 19. g4 h6 20. f3 Rac8 21. Nce4 Rxc1 22. Rxc1 Rxc1 23. Bxc1 Bxe4 24. Nxe4 Nxe4 25. fxe4 Be5 26. h4 Kf6 27. Bd2 Bb2 28. Kd3 g6 29. Kc2 Ba1 30. Be1 h5 31. gxh5 gxh5 32. Kb1 Be5 33. Kc2 Ke7 34. Kb3 Kd6 35. a4 f5 36. axb5 axb5 37. exf5 exf5 38. Kc2 Kd5 39. Kd3 Bd6 40. Bc3 Bg3 41. Bf6 Be1 42. Be7 Ke6 43. Bc5 Kd5 44. Be7 Bg3 45. Bf6 Bd6 46. Bc3 Bf8 47. Bd2 Bg7 48. Be1 Be5 49. Bf2 Bd6 50. Be1 Be7 51. Bc3 Bxh4 0-1


[Site "https://www.chess.com"]

[Event "Titled Tuesday Blitz August 22 Late 2023"]
[White "Zhigalko, Sergei"]
[Black "Duda, Jan-Krzysztof"]
[WhiteFideId "13502956"]
[BlackFideId "1170546"]
[WhiteElo "2960"]
[BlackElo "3088"]
[Result "0-1"]
[Round "10"]
[TimeControl "180+1"]
[Date "2023.08.22"]
[WhiteClock "0:00:00"]
[BlackClock "0:00:12"]
[Board "7"]

1. e4 c6 2. d4 d5 3. e5 Bf5 4. Nf3 e6 5. Be2 c5 6. Be3 Qb6 7. Nc3 Nc6 8. dxc5 Bxc5 9. Bxc5 Qxc5 10. Nb5 Kf8 11. Nbd4 Nge7 12. O-O Nxd4 13. Nxd4 Rc8 14. c3 a6 15. Re1 Rc7 16. h4 h5 17. Bd3 g6 18. Qd2 Bxd3 19. Qxd3 Nf5 20. Nf3 Qc4 21. Qxc4 Rxc4 22. g3 Ke7 23. Red1 Rhc8 24. Rd3 Re4 25. Kf1 Rc5 26. Re1 Ra5 27. a3 Rb5 28. Rd2 Rc4 29. Red1 Rb6 30. Ke2 Nh6 31. Nd4 Ng4 32. f4 Nh6 33. Kd3 Nf5 34. Nxf5+ gxf5 35. Kc2 Rbc6 36. Rd4 R4c5 37. R1d3 Kd7 38. Rb4 Kc7 39. Kd2 Kb8 40. Rbd4 Rc8 41. Kc2 Ka7 42. Kd2 b5 43. Kc2 Kb6 44. Kd2 Rg8 45. Kc2 Rcc8 46. Kd2 Rg4 47. Re3 Rcg8 48. Rdd3 a5 49. Kc2 Rc8 50. Kb3 Rc4 51. Rd2 Rg8 52. Red3 Re4 53. Rf3 Kc5 54. Rdd3 Re2 55. Rde3 Rg2 56. Rd3 Rb8 57. Rfe3 Kb6 58. Rf3 Rc8 59. Rfe3 Rc4 60. Rf3 Re4 61. Rfe3 Kc5 62. Ka2 Kc4 63. Rf3 Ree2 0-1


[Site "https://www.chess.com"]

[Event "Titled Tuesday Blitz August 22 Late 2023"]
[White "Vasquez Schroeder, Rodrigo"]
[Black "Deac, Bogdan-Daniel"]
[WhiteFideId "3400042"]
[BlackFideId "1226380"]
[WhiteElo "2974"]
[BlackElo "3040"]
[Result "0-1"]
[Round "10"]
[TimeControl "180+1"]
[Date "2023.08.22"]
[WhiteClock "0:00:17"]
[BlackClock "0:00:05"]
[Board "8"]

1. e4 e5 2. Nf3 Nf6 3. d3 Nc6 4. c3 d5 5. Nbd2 a5 6. Be2 g6 7. O-O Bg7 8. Re1 O-O 9. Bf1 Re8 10. b3 h6 11. a3 Be6 12. Bb2 Nd7 13. Qc2 g5 14. h3 Ne7 15. exd5 Bxd5 16. c4 Bxf3 17. Nxf3 Nc6 18. Rad1 Nc5 19. d4 exd4 20. Rxe8+ Qxe8 21. Nxd4 Nxd4 22. Bxd4 Bxd4 23. Rxd4 Rd8 24. Rxd8 Qxd8 25. b4 axb4 26. axb4 Ne6 27. Qe4 b6 28. Bd3 Kf8 29. g3 Qd6 30. Qh7 Ke7 31. Bf5 Nd4 32. Bg4 Nc6 33. c5 bxc5 34. bxc5 Qxc5 35. Qxh6 Nd4 36. Bh5 Qf5 37. Qg7 Qf6 38. Qg8 c5 39. Qc8 Ne6 40. Bg4 Qa1+ 41. Kg2 Qe5 42. Bh5 Qd5+ 43. Kh2 Nd4 44. Qc7+ Kf8 45. Bxf7 Nf3+ 46. Kg2 Nh4+ 47. Kf1 Qd1# 0-1


[Site "https://www.chess.com"]

[Event "Titled Tuesday Blitz August 22 Late 2023"]
[White "Sargsyan, Shant"]
[Black "Martinez Alcantara, Jose Eduardo"]
[WhiteFideId "13306766"]
[BlackFideId "3805662"]
[WhiteElo "2930"]
[BlackElo "3023"]
[Result "1-0"]
[Round "10"]
[TimeControl "180+1"]
[Date "2023.08.22"]
[WhiteClock "0:00:07"]
[BlackClock "0:00:00"]
[Board "9"]

1. c4 c5 2. Nf3 Nc6 3. d4 cxd4 4. Nxd4 Nf6 5. Nc3 e6 6. Bg5 d6 7. e3 Be7 8. Be2 O-O 9. O-O a6 10. Rc1 Bd7 11. Bf3 Rc8 12. b3 Qa5 13. Bh4 Rfd8 14. Qd2 Qb6 15. Rfd1 Ne5 16. Be2 Qa7 17. Nf3 Ng6 18. Bg3 h6 19. Qb2 Bc6 20. Nd4 Be8 21. h3 Qb6 22. Bf3 Rxc4 23. Ne4 Rcc8 24. Nd2 d5 25. Be2 Bd6 26. Bxd6 Qxd6 27. Qb1 Qa3 28. Bd3 Ne5 29. Bf1 Qb4 30. Qb2 Ned7 31. N2f3 Qb6 32. Bd3 Nc5 33. Bb1 Nce4 34. Ne2 Rc7 35. Rxc7 Qxc7 36. Rc1 Qb8 37. Qc2 Nd6 38. Qb2 Rc8 39. Rd1 Qc7 40. Rc1 Qd8 41. Rd1 Qe7 42. Ne5 Nb5 43. a4 Nd6 44. Nf4 Nde4 45. f3 Nc5 46. Qc2 Qd8 47. Rc1 a5 48. g4 Rc7 49. Nh5 Na6 50. Nxf6+ Qxf6 51. Qh7+ Kf8 52. Qh8+ Ke7 53. Rxc7+ Nxc7 54. f4 d4 55. g5 hxg5 56. Ng4 dxe3 57. Nxf6 e2 58. Kf2 gxf6 59. fxg5 fxg5 60. Qe5 Nd5 61. Qxg5+ f6 62. Qg7+ Bf7 63. Bg6 Kd6 64. Bxf7 1-0


[Site "https://www.chess.com"]

[Event "Titled Tuesday Blitz August 22 Late 2023"]
[White "Grischuk, Alexander"]
[Black "Dominguez Perez, Leinier"]
[WhiteFideId "4126025"]
[BlackFideId "3503240"]
[WhiteElo "3007"]
[BlackElo "2928"]
[Result "1-0"]
[Round "10"]
[TimeControl "180+1"]
[Date "2023.08.22"]
[WhiteClock "0:00:02"]
[BlackClock "0:00:00"]
[Board "10"]

1. d4 Nf6 2. c4 e6 3. Bg5 h6 4. Bh4 c5 5. d5 exd5 6. cxd5 d6 7. e4 Be7 8. Bg3 O-O 9. Nd2 Nxe4 10. Nxe4 f5 11. Nc3 f4 12. Bd3 fxg3 13. hxg3 Nd7 14. Nf3 Bf6 15. O-O Ne5 16. Nxe5 Bxe5 17. Qd2 Qg5 18. Qc2 Bf5 19. Rae1 Bxd3 20. Qxd3 Rae8 21. Nb5 Qd8 22. Nxa7 Bxb2 23. Nb5 Be5 24. f4 Bf6 25. Kh2 Qd7 26. a4 Ra8 27. Re4 Ra6 28. Rfe1 Qf7 29. Qd1 Rfa8 30. Re6 Rxa4 31. Nxd6 Qg6 32. f5 Qg5 33. Ne4 Qxf5 34. Nxf6+ gxf6 35. Rf1 Qg5 36. Rfxf6 Rg4 37. Rxh6 Rxg3 38. Qe2 Rf8 39. d6 Rg4 40. Reg6+ Qxg6 41. Rxg6+ Rxg6 42. d7 Rh6+ 43. Kg1 Rh8 44. Qe7 1-0


[Site "https://www.chess.com"]

[Event "Titled Tuesday Blitz August 22 Late 2023"]
[White "Hakobyan, Aram"]
[Black "Glavina, Pablo"]
[WhiteFideId "13306677"]
[BlackFideId "100234"]
[WhiteElo "2996"]
[BlackElo "2576"]
[Result "1-0"]
[Round "10"]
[TimeControl "180+1"]
[Date "2023.08.22"]
[WhiteClock "0:01:17"]
[BlackClock "0:01:18"]
[Board "11"]

1. d4 Nf6 2. c4 e6 3. Nc3 Bb4 4. e3 d5 5. a3 Bxc3+ 6. bxc3 c6 7. cxd5 cxd5 8. Bd3 O-O 9. Ne2 Nc6 10. O-O e5 11. Ng3 e4 12. Bc2 b6 13. f3 Ba6 14. Rf2 Re8 15. fxe4 dxe4 16. Nf5 Rc8 17. Ba4 Qd5 18. Bb3 Bc4 19. Bxc4 Qxc4 20. Nd6 Qxc3 21. Bd2 Qd3 22. Nxc8 Rxc8 23. Rxf6 Nxd4 24. exd4 e3 25. Rf3 1-0


[Site "https://www.chess.com"]

[Event "Titled Tuesday Blitz August 22 Late 2023"]
[White "Nihal Sarin"]
[Black "Gorovets, Andrey"]
[WhiteFideId "25092340"]
[BlackFideId "13504037"]
[WhiteElo "3141"]
[BlackElo "2816"]
[Result "1-0"]
[Round "10"]
[TimeControl "180+1"]
[Date "2023.08.22"]
[WhiteClock "0:00:14"]
[BlackClock "0:00:00"]
[Board "12"]

1. Nf3 c5 2. g3 g6 3. Bg2 Bg7 4. O-O Nc6 5. c4 e6 6. Nc3 d6 7. b3 Nge7 8. Bb2 O-O 9. e3 a6 10. d4 Rb8 11. Qd2 b5 12. d5 exd5 13. Nxd5 Bxb2 14. Qxb2 Nxd5 15. cxd5 Nb4 16. Qd2 a5 17. e4 Bg4 18. a3 Bxf3 19. Bxf3 Na6 20. Rfe1 Re8 21. Kg2 b4 22. Be2 Nc7 23. Bc4 Nb5 24. a4 Nd4 25. Re3 Qf6 26. Rae1 g5 27. Qd1 Qg6 28. e5 Nf5 29. e6 Nxe3+ 30. Rxe3 f5 31. e7 Rb7 32. Re6 Qg7 33. Rxd6 Rbxe7 34. Qh5 Kh8 35. Re6 Rxe6 36. dxe6 Qe7 37. Qf3 Rf8 38. Qd5 f4 39. Qe5+ Kg8 40. g4 f3+ 41. Kg3 Rd8 42. Qxc5 Rd6 43. Qxa5 1-0


[Site "https://www.chess.com"]

[Event "Titled Tuesday Blitz August 22 Late 2023"]
[White "Keymer, Vincent"]
[Black "Troff, Kayden"]
[WhiteFideId "12940690"]
[BlackFideId "2047896"]
[WhiteElo "2964"]
[BlackElo "2764"]
[Result "0-1"]
[Round "10"]
[TimeControl "180+1"]
[Date "2023.08.22"]
[WhiteClock "0:00:00"]
[BlackClock "0:00:14"]
[Board "13"]

1. a3 g6 2. Nf3 Bg7 3. d4 Nf6 4. b4 a5 5. b5 c5 6. bxc6 bxc6 7. e3 O-O 8. Bd3 c5 9. c4 cxd4 10. exd4 d5 11. c5 Nc6 12. h3 Ne4 13. Bb5 Qc7 14. O-O Ba6 15. a4 e5 16. dxe5 Nxe5 17. Ra2 Bxb5 18. axb5 Qxc5 19. Nxe5 Bxe5 20. Ba3 Qxb5 21. Bxf8 Kxf8 22. Na3 Qc5 23. Rc2 Nc3 24. Nb1 a4 25. Re1 d4 26. Qf3 Rb8 27. Nxc3 dxc3 28. Qe4 Bd4 29. g3 a3 30. Rd1 Rb4 31. Qa8+ Kg7 32. Qxa3 Rb1 0-1


[Site "https://www.chess.com"]

[Event "Titled Tuesday Blitz August 22 Late 2023"]
[White "Mendez Fortes, Eduardo Jesus"]
[Black "Chigaev, Maksim"]
[WhiteFideId "3502376"]
[BlackFideId "4108116"]
[WhiteElo "2668"]
[BlackElo "2960"]
[Result "1-0"]
[Round "10"]
[TimeControl "180+1"]
[Date "2023.08.22"]
[WhiteClock "0:01:18"]
[BlackClock "0:00:30"]
[Board "14"]

1. e4 e5 2. Nf3 Nc6 3. Bb5 a6 4. Ba4 Nf6 5. O-O Be7 6. Re1 b5 7. Bb3 d6 8. c3 O-O 9. h3 Na5 10. Bc2 c5 11. d4 Nd7 12. Nbd2 exd4 13. cxd4 Nc6 14. a4 Rb8 15. d5 Nce5 16. Nxe5 Nxe5 17. f4 Ng6 18. Nf3 Bh4 19. Rf1 Bg3 20. f5 Ne5 21. Ng5 h6 22. f6 gxf6 23. Nf3 Kg7 24. Nh2 Rh8 25. Qh5 bxa4 26. Ra3 Bxh2+ 27. Kxh2 Qe7 28. Rg3+ Ng6 29. e5 f5 30. e6 Rb4 31. Rxf5 1-0


[Site "https://www.chess.com"]

[Event "Titled Tuesday Blitz August 22 Late 2023"]
[White "Di Berardino, Diego Rafael"]
[Black "Santos Latasa, Jaime"]
[WhiteFideId "2105446"]
[BlackFideId "2293307"]
[WhiteElo "2664"]
[BlackElo "2956"]
[Result "1-0"]
[Round "10"]
[TimeControl "180+1"]
[Date "2023.08.22"]
[WhiteClock "0:00:36"]
[BlackClock "0:01:07"]
[Board "15"]

1. d4 Nf6 2. c4 g6 3. Nc3 Bg7 4. e4 d6 5. f3 c5 6. d5 e6 7. Bg5 h6 8. Be3 O-O 9. Qd2 exd5 10. cxd5 h5 11. a4 Nh7 12. Bh6 Nd7 13. Bxg7 Kxg7 14. Nh3 Ne5 15. Nf2 f5 16. f4 Nf7 17. Bd3 fxe4 18. Ncxe4 Bf5 19. O-O Nf6 20. Qc3 Rc8 21. Rae1 c4 22. Bc2 Re8 23. Ng5 Bxc2 24. Ne6+ Rxe6 25. dxe6 Bf5 26. exf7 Kxf7 27. Nh3 Bxh3 28. Qxh3 Qd7 29. f5 g5 30. Re6 Rc5 31. Qc3 Rxf5 32. Rxf6+ 1-0


[Site "https://www.chess.com"]